Map: 10000 Feet LE

Players

Lоrdragon

  • Race: Protoss Protoss
  • Spawn Location: 11:00

DmitryK - Winner!

  • Race: Terran Terran
  • League: Platinum
  • Spawn Location: 5:00

VOD

Have the link to the VOD?

Description

Time

  • Played on: Jan. 23, 2026, 7:54 p.m.
  • Length: 8:55
Show
View Real Time Build Order
Export as new Build Order

Lоrdragon Protoss 

Build Orders:  

Get SALT Encoding   

  12  0:00  Probe  
  13  0:15  Pylon  
  13  0:30  Assimilator  
  13  0:31  Probe  
  14  0:43  Probe  
  15  0:54  Pylon  
  15  0:57  Pylon  
  15  1:10  Forge  
  15  1:14  Pylon  
  14  1:26  Gateway  
  14  1:27  Probe  
  15  1:39  Probe  
  16  1:51  Probe  
  17  1:56  Photon Cannon  
  17  2:02  Pylon  
  17  2:04  Probe  
  18  2:15  Zealot  
  20  2:16  Probe  
  21  2:27  Cybernetics Core  
  21  2:28  Probe  
  22  2:36  Gateway  
  22  2:40  Probe  
  22  2:42  Zealot  
  25  2:52  Probe  
  25  3:35  Zealot  
  25  3:39  Nexus  
  27  3:48  Stargate  
  27  3:56  Zealot  
  27  3:57  Assimilator  
  27  4:03  Stalker  
  31  4:21  Twilight Council  
  31  4:30  Pylon  
  31  4:32  Pylon  
  31  4:43  Warp Gate  
  31  4:48  Probe  
  32  4:57  Probe  
  33  5:00  Probe  
  34  5:07  Stalker  
  34  5:09  Stalker, Probe  
  39  5:33  Dark Shrine  
  39  5:36  Probe  
  39  5:40  Zealot  
  39  5:42  Zealot  
  44  5:48  Probe  
  30  6:32  Stalker  
  32  6:47  Dark Templar  
  26  7:08  Dark Templar  
  24  7:27  Probe  
  29  7:34  Void Ray  
Show
View Real Time Build Order
Export as new Build Order

DmitryK Terran - Winner!

Build Orders:  

Get SALT Encoding   

  12  0:00  SCV  
  13  0:12  SCV  
  14  0:17  Supply Depot  
  14  0:24  SCV  
  15  0:39  SCV  
  15  0:40  Barracks  
  16  0:43  Refinery  
  16  0:49  Refinery  
  16  1:03  SCV  
  17  1:21  Supply Depot  
  17  1:48  Reaper  
  17  1:52  Orbital Command  
  18  2:13  Factory  
  18  2:17  SCV  
  18  2:21  Barracks Reactor  
  19  2:29  SCV  
  20  2:41  SCV  
  21  2:52  Command Center  
  21  3:16  Marine x2  
  21  3:19  SCV  
  23  3:26  Factory Tech Lab  
  23  3:31  SCV  
  24  3:35  Marine x2  
  26  3:42  Supply Depot  
  26  3:43  SCV  
  26  3:44  Siege Tank  
  30  3:51  Starport  
  30  3:52  Marine  
  31  4:03  Marine  
  31  4:07  SCV  
  31  4:09  Refinery  
  33  4:14  Marine  
  33  4:17  Siege Tank  
  37  4:18  SCV  
  37  4:21  SCV, Marine  
  40  4:32  Marine, Starport Tech Lab  
  40  4:35  Orbital Command  
  41  4:38  SCV  
  42  4:49  Siege Tank, Marine  
  42  4:51  Marine  
  47  5:07  Viking  
  47  5:12  SCV  
  47  5:13  SCV  
  51  5:21  Siege Tank  
  54  5:24  SCV  
  54  5:25  SCV  
  54  5:26  Engineering Bay  
  56  5:37  SCV  
  56  5:41  Factory  
  57  5:45  Armory  
  57  5:46  SCV  
  53  6:12  Bunker  
  53  6:14  Bunker  
  53  6:18  Siege Tank, Viking  
  58  6:31  Hellion, SCV  
  61  6:42  SCV  
  62  6:47  Refinery  
  62  6:53  Command Center  
  61  6:56  Viking  
  61  6:57  Hellion  
  58  7:07  Cyclone  
  57  7:09  Viking  
  56  7:16  Supply Depot x2  
  56  7:19  Hellbat  
  56  7:21  Missile Turret  
  55  7:28  SCV x2  
  57  7:39  Hellbat  
  57  7:40  SCV, Liberator  
  63  8:04  SCV x2  
  65  8:25  Hellbat  
  70  8:37  SCV  
Tags
 
League
Platinum
Matchup
ПvТ
Spawn Locations
Cross Positions
Add a new tag
Caveats
  • Supply blocks, unpowered buildings, or Contaminate may cause inaccurate times.
  • Supply counts are checked every 10 seconds.